 Dungeon Crawl Stone Soup version 0.30-b1-2-g02819fbbbe (webtiles) character file.

Game seed: 11866615498126703615

455901 sanka the Intangible (level 24, -20/223 (227) HPs)
             Began as a Merfolk Fire Elementalist on May 14, 2023.
             Was an Initiate of Gozag.
             Killed from afar by an ancient lich (54 damage)
             ... with a crystal spear
             ... on level 4 of the Vaults on May 15, 2023.
             The game lasted 02:26:56 (57778 turns).

sanka the Intangible (Merfolk Fire Elementalist)   Turns: 57778, Time: 02:26:58

HP:   -20/223 (227) AC: 14    Str: 11    XL:     24   Next: 38%
MP:   43/43         EV: 23    Int: 20    God:    Gozag
Gold: 16209         SH:  0    Dex: 32    Spells: 51/55 levels left

rFire   + + .        a - +12 great sword "Nilacump" {flame, Int+4}
rCold   + + .        (shield currently unavailable)
rNeg    + + .        V - +2 robe {Will+}
rPois   .            O - +2 helmet {SInv}
rElec   +            k - +2 cloak {Will+}
rCorr   .            Z - +2 pair of gloves
SInv    +            r - +4 pair of boots of Valiance {+Blink rC++ Int+2 Dex-3}
Will    +++..        P - amulet "Uhisomn" {rElec rF++ rN++ Regen+}
Stlth   +++          f - +6 ring of dexterity
HPRegen 1.37/turn    n - +6 ring of dexterity
MPRegen 0.28/turn

%: no passive effects
@: lethally poisoned (-20 -> -25), petrifying, corroded, gold aura, lightly
drained, very slow
A: (nimble swimmer 2), mertail
}: 2/15 runes: decaying, serpentine
a: Renounce Religion, Evoke Blink, Potion Petition, Call Merchant, Bribe Branch


You were on level 4 of the Vaults.
You worshipped Gozag.
Gozag was extremely pleased with you.
You visited 8 branches of the dungeon, and saw 40 of its levels.
You also visited: Sewer, Bailey and Gauntlet.

You collected 22867 gold pieces.
You spent 3799 gold pieces at shops.
You paid 2859 gold pieces to Gozag.

Inventory:

Hand Weapons
 a - the +12 great sword "Nilacump" (weapon) {flame, Int+4}
   (You acquired it on level 6 of the Dungeon)

   Int:       It affects your intelligence (+4).
 b - a +4 heavy triple sword
 K - a +3 dagger of distortion
Missiles
 D - 6 curare-tipped darts {=f}
 U - a throwing net {=f}
Armour
 k - a +2 cloak of willpower (worn)
 r - the +4 pair of boots of Valiance (worn) {+Blink rC++ Int+2 Dex-3}
   (You acquired it on level 4 of the Lair of Beasts)

   Int:       It affects your intelligence (+2).
   Dex:       It affects your dexterity (-3).
   rC:        It greatly protects you from cold.
   +Blink:    It lets you blink.
 O - a +2 helmet of see invisible (worn)
 V - a +2 robe of willpower (worn)
 Z - a +2 pair of gloves (worn)
Jewellery
 d - the ring of Ceiguet {Fly rF+ Stlth+}
   (You took it off a deep elf pyromancer on level 12 of the Dungeon)

   [ring of flight]

   rF:        It protects you from fire.
   Fly:       It grants you flight.
   Stlth:     It makes you more stealthy.
 f - a +6 ring of dexterity (left hand)
 n - a +6 ring of dexterity (right hand)
 q - the amulet of Foeko Bipp {Spirit rF+}
   (You took it off a tengu conjurer on level 12 of the Dungeon)

   [amulet of guardian spirit]

   It causes incoming damage to be divided between your reserves of health and
   magic.
   rF:        It protects you from fire.
 s - the ring of Vekafuith {Ice rElec Will+ SInv Stlth-}
   (You took it off Josephina on level 2 of the Depths)

   [ring of ice]

   It enhances your ice magic.
   rF:        It makes you vulnerable to fire.
   rC:        It protects you from cold.
   rElec:     It insulates you from electricity.
   SInv:      It lets you see invisible.
   Will:      It increases your willpower.
   Stlth:     It makes you less stealthy.
 x - a ring of poison resistance
 J - the ring "Caylunn" {rN+ Will+}
   (You found it on level 5 of the Dungeon)

   [ring of willpower]

   rN:        It protects you from negative energy.
   Will:      It increases your willpower.
 P - the amulet "Uhisomn" (around neck) {rElec rF++ rN++ Regen+}
   (You took it off a vault guard on level 5 of the Vaults)

   [amulet of regeneration]

   rF:        It greatly protects you from fire.
   rElec:     It insulates you from electricity.
   rN:        It greatly protects you from negative energy.
   Regen:     It increases your rate of health regeneration.
 Q - a ring of resist corrosion
 W - a ring of wizardry
Wands
 B - a wand of light (31)
 L - a wand of digging (14)
 Y - a wand of iceblast (25)
Scrolls
 e - 16 scrolls of fear
 j - 7 scrolls of blinking
 l - 3 scrolls of silence {!r}
 u - 6 scrolls of magic mapping
 v - 17 scrolls of teleportation {@r4}
 w - 7 scrolls of noise {!r}
 z - a scroll of summoning
 A - 7 scrolls of poison {!r}
 N - 10 scrolls of fog
Potions
 c - 3 potions of mutation {!q}
 g - 5 potions of magic
 h - 8 potions of might
 i - 8 potions of berserk rage {!q}
 p - 13 potions of flight
 t - 4 potions of invisibility
 C - 13 potions of heal wounds {@q2}
 E - 12 potions of ambrosia
 F - 13 potions of lignification {!q}
 G - 9 potions of attraction {!q}
 H - 7 potions of haste {@q3}
 I - 3 potions of brilliance
 M - 2 potions of cancellation
 R - 29 potions of curing {@q1}
 X - 3 potions of resistance
Miscellaneous
 m - a phantom mirror
 o - a phial of floods
 y - a lightning rod (4/4)
 S - a box of beasts


   Skills:
 O Level 27 Fighting
 - Level 22.0 Long Blades
 O Level 27 Dodging
 - Level 2.1 Stealth
 - Level 16.0 Spellcasting
 - Level 0.7 Conjurations
 - Level 2.1 Fire Magic
 + Level 12.8 Ice Magic
 - Level 10.0 Evocations


You had 51 spell levels left.
You knew the following spells:

 Your Spells              Type           Power      Damage    Failure   Level
a - Foxfire               Conj/Fire      84%        2x1d8     1%          1
b - Ozocubu's Armour      Ice            61%        N/A       1%          3

Your spell library contained the following spells:

 Spells                   Type           Power      Damage    Failure   Level
 Hailstorm                Conj/Ice       43%        3d10      1%          3
 Magic Dart               Conj           72%        1d6       2%          1
 Scorch                   Fire           48%        2d7       2%          2
 Summon Ice Beast         Ice/Summ       41%        N/A       2%          4
 Necrotise                Necr           64%        1d7       3%          1
 Slow                     Hex            64%        N/A       3%          1
 Sting                    Tmut/Pois      64%        1d6       3%          1
 Searing Ray              Conj           36%        2d5       4%          2
 Call Imp                 Summ           32%        N/A       5%          2
 Sublimation of Blood     Necr           16%        N/A       5%          2
 Wereblood                Tmut           16%        N/A       5%          2
 Inner Flame              Hex/Fire       20%        N/A       7%          3
 Volatile Blastmotes      Fire/Tloc      40%        2d13      7%          3
 Metabolic Englaciation   Hex/Ice        20%        N/A       8%          5
 Ignite Poison            Fire/Tmut/Pois 18%        N/A       9%          3
 Stone Arrow              Conj/Erth      34%        3d9       10%         3
 Call Canine Familiar     Summ           16%        N/A       11%         3
 Confusing Touch          Hex            16%        N/A       11%         3
 Mephitic Cloud           Conj/Pois/Air  16%        N/A       11%         3
 Portal Projectile        Hex/Tloc       32%        N/A       11%         3
 Tukima's Dance           Hex            16%        N/A       11%         3
 Vampiric Draining        Necr           16%        2d7       11%         3
 Vhi's Electric Charge    Tloc/Air       32%        N/A       11%         3
 Flame Wave               Conj/Fire      21%        2d8       21%         4
 Sticky Flame             Conj/Fire      21%        2d4       21%         4
 Fulminant Prism          Conj/Hex       8%         3d7       32%         4
 Anguish                  Hex/Necr       8%         N/A       36%         4
 Animate Armour           Summ/Erth      32%        N/A       36%         4
 Leda's Liquefaction      Hex/Erth       8%         N/A       36%         4
 Passage of Golubria      Tloc           16%        N/A       36%         4
 Petrify                  Tmut/Erth      16%        N/A       36%         4
 Summon Lightning Spire   Summ/Air       16%        N/A       36%         4
 Arcjolt                  Conj/Air       8%         1d18      65%         5
 Irradiate                Conj/Tmut      8%         3d14      65%         5
 Agony                    Necr           16%        N/A       71%         5
 Blade Hands              Tmut           8%         N/A       71%         5
 Lee's Rapid Deconstruct  Erth           8%         3d7*      71%         5
 Yara's Violent Unravell  Hex/Tmut       8%         3d5       71%         5
 Dispersal                Tloc           8%         N/A       99%         6
 Statue Form              Tmut/Erth      10%        N/A       99%         6
 Dragon Form              Tmut           8%         N/A       100%        7
 Enfeeble                 Hex            8%         N/A       100%        7
 Malign Gateway           Summ/Tloc      8%         N/A       100%        7
 Storm Form               Tmut/Air       8%         N/A       100%        7
 Summon Hydra             Summ           8%         N/A       100%        7
 Borgnjor's Revivificati  Necr           8%         N/A       100%        8
 Infestation              Necr           8%         N/A       100%        8
 Lehudib's Crystal Spear  Conj/Erth      8%         10d4      100%        8
 Maxwell's Capacitive Co  Air            8%         ∞         100%        8
 Necromutation            Tmut/Necr      8%         N/A       100%        8
 Chain Lightning          Conj/Air       8%         3d11      100%        9
 Death's Door             Necr           8%         N/A       100%        9
 Fire Storm               Conj/Fire      10%        8d3       100%        9
 Shatter                  Erth           8%         3d10*     100%        9


Dungeon Overview and Level Annotations

Branches:
Dungeon (15/15)            Temple (1/1) D:5            Lair (5/5) D:10
  Swamp (4/4) Lair:2        Snake (4/4) Lair:2        Slime (0/5) Lair:4
    Orc (2/2) D:11            Elf (0/3) Orc:2        Vaults (5/5) D:14
  Crypt (0/3) Vaults:3     Depths (4/4) D:15            Zot (0/5) Depths:4
  Sewer (visited)          Bailey (visited)         Gauntlet (visited)

Altars:
Ashenzari
Cheibriados
Dithmenos
Elyvilon
Fedhas
Gozag
Hepliaklqana
Kikubaaqudgha
Makhleb
Nemelex Xobeh
Okawaru
Qazlal
Ru
Sif Muna
Trog
Uskayaw
Vehumet
Wu Jian
Xom
Yredelemnul
Zin
The Shining One
Jiyva

Shops:
D:5 !((   D:6 ((   D:7 =   D:13 (   D:14 (   Orc:2 =[!:!   Vaults:1 *
Vaults:4 !(*[   Depths:4 [

Portals:
Hell: Depths:1 Depths:2 Depths:3 Depths:4
Abyss: Depths:2 Depths:3 Depths:4
Pandemonium: Orc:2 Depths:2 Depths:4
Ziggurat: Depths:2
Trove: D:11 (show abyssal rune of Zot)

Annotations:
Snake:1 6 transporters
Depths:4 6 runed translucent doors


Innate Abilities, Weirdness & Mutations

((You are very nimble when in or above water. (Stealth+, EV+, Speed+++)))
Your lower body shifts to a powerful aquatic tail in water.


Message History

There is a stone staircase leading down, spattered with blood here.
Unknown command.
You slice the ancient lich!! You burn the ancient lich.
The ancient lich is lightly damaged.
The ancient lich misses you.
You slice the ancient lich!! You burn the ancient lich.
The ancient lich is moderately damaged.
The ancient lich barely misses you.
The tengu reaver points at you and mumbles some strange words.
The bolt of poison hits you!!
You are poisoned.
Unknown command.
You hit the ancient lich.
The ancient lich is moderately damaged.
You feel very sick.
The ancient lich gestures at you while chanting.
The crystal spear hits you!!!!
Ouch! That really hurt!
* * * LOW HITPOINT WARNING * * *
The tengu reaver hits you with a +2 heavy long sword!!
* * * LOW HITPOINT WARNING * * *
The tengu reaver pecks you.
* * * LOW HITPOINT WARNING * * *
The tengu reaver claws you but does no damage.
You hit the ancient lich but do no damage.
The ancient lich is moderately damaged.
You feel very sick. The ancient lich completely misses you.
Unknown command.
You feel much better.
You feel very sick. The ancient lich casts a spell at you.
You are slowing down.
The tengu reaver gestures at you while chanting.
The bolt of negative energy hits you. You partially resist.
You feel drained.
* * * LOW HITPOINT WARNING * * *
The ancient lich gestures at you while chanting.
The crystal spear hits you!!!!
You die...
Your body crumbles into a pile of gold.

##.#.####....[[.........#
+..'..+.#######'#+#######
##.#(#### ##.......##
###'# ##.##......## #.)#
##.##.###....## ###..###
#.##.######...# #))##..#
#.#.##...###..#
#.)##..###.#.#..[Q.##..#
)##).##..#.##'.L@..'##.#
.##..##..#..##.....#.#.#
#..##..###..###...##.#.#
#..##..# #...######.##.#
###..### ##....###.##.##
..#..# ##......##.##
..#### ##.......## ###
#########


You could see an ancient lich (fast, invisible) and a tengu reaver.

Vanquished Creatures
  A dread lich (Vaults:5)
  A juggernaut (Depths:3)
  Josephina (Depths:2)
  Bai Suzhen (Vaults:3)
  Xtahua (Depths:3)
  Boris (Vaults:5)
  Saint Roka (Depths:2)
  6 golden dragons
  4 tentacled monstrosities
  4 liches
  8 titans
  A quicksilver dragon (Vaults:5)
  6 sphinxes
  6 shadow dragons
  The ghost of Amikeex the Brawler, an adept TrMo of Nemelex Xobeh (Depths:4)
  Kirke (Lair:4)
  8 tengu reavers
  4 storm dragons
  3 fire giants
  Roxanne (D:15)
  10 nagarajas
  A draconian knight (Depths:4)
  A draconian scorcher (Depths:4)
  7 frost giants
  An iron dragon (Depths:2)
  27 vault wardens
  Aizul (Snake:1)
  A spriggan defender (Depths:2)
  24 very ugly things
  17 ironbound preservers
  A draconian stormcaller (Depths:4)
  A war gargoyle (Vaults:4)
  3 ghouls (Swamp:2)
  6 ironbound thunderhulks
  14 stone giants
  A deep elf demonologist (Vaults:5)
  2 vampire knights
  5 black draconians (Depths:4)
  3 deep elf annihilators
  3 green draconians (Depths:4)
  12 dire elephants
  3 purple draconians (Depths:4)
  A yellow draconian (Depths:4)
  3 eleionomae
  A red draconian (Depths:4)
  6 bunyips
  A minotaur (Gauntlet)
  3 white draconians (Depths:4)
  5 spark wasps
  9 ettins
  A crystal guardian (Vaults:4)
  6 fire dragons
  A merfolk javelineer (Depths:3)
  14 yaktaur captains
  4 great orbs of eyes
  3 entropy weavers
  3 rakshasas
  3 deep elf high priests
  Erolcha (D:10)
  4 salamander tyrants
  3 shambling mangroves
  Harold (D:10)
  39 vault guards
  21 hydras
  9 ice dragons
  2 demonspawn (Orc:2)
  2 spriggan air magi
  2 ogre magi
  2 peacekeepers
  2 ghost crabs (Swamp:2)
  11 ironbound frosthearts
  A juggernaut simulacrum (Depths:2)
  11 alligators
  5 anacondas
  14 tengu warriors
  5 death knights
  18 centaur warriors
  9 two-headed ogres
  2 dancing weapons (D:14)
  7 boulder beetles
  A two-headed ogre (shapeshifter) (Depths:3)
  20 naga warriors
  5 deep troll shamans
  7 orc high priests (Orc:2)
  5 death yaks
  12 deep troll earth magi
  4 large abominations (Depths:2)
  4 spriggan berserkers
  17 naga sharpshooters
  3 shock serpents
  A sun demon (Orc:2)
  Nergalle (D:10)
  4 hell knights
  3 spectral death yaks (Lair:5)
  2 sixfirhies
  Amaemon (Lair:3)
  6 iron trolls
  A skyshark (Lair:5)
  A spectral anaconda (Lair:5)
  4 skeletal warriors
  5 salamander mystics (Snake:4)
  6 goliath frogs
  10 swamp dragons
  6 naga ritualists
  11 bog bodies
  A harpy (shapeshifter) (D:13)
  47 deep trolls
  5 phantasmal warriors
  An obsidian statue (Lair:5)
  2 spriggan druids (Swamp:2)
  A flayed ghost (D:15)
  A harpy (Vaults:2)
  7 lindwurms
  Pikel (D:7)
  A deep elf archer (D:12)
  3 glowing orange brains
  21 ironbound convokers
  8 wizards
  14 mana vipers
  6 deep elf pyromancers
  12 necromancers
  7 orc knights
  2 oklob plants (Lair:3)
  5 spectral spriggans (Swamp:2)
  A wolf spider (Vaults:5)
  A worldbinder (Gauntlet)
  2 will-o-the-wisps
  A frost giant zombie (D:15)
  4 orc sorcerers (Orc:2)
  30 ugly things
  2 cyclopes (D:12)
  25 vault sentinels
  5 manticores
  A shining eye (Gauntlet)
  16 salamanders
  9 elephants
  2 rust devils
  16 guardian serpents
  19 naga magi
  14 cane toads
  41 black mambas
  A guardian serpent (shapeshifter) (Depths:4)
  2 human skeletons (Vaults:4)
  A storm dragon simulacrum (Vaults:4)
  The ghost of darkwiz the Chopper, a novice DsCK of Xom (D:5)
  A dire elephant skeleton (Lair:5)
  2 torpor snails (Lair:5)
  2 unseen horrors
  A yaktaur (shapeshifter) (Depths:3)
  A gargoyle (D:12)
  An orange demon (Lair:3)
  A spriggan zombie (D:15)
  Psyche (D:9)
  38 yaktaurs
  2 kobold demonologists
  10 komodo dragons
  2 efreet (D:15)
  A guardian mummy (D:15)
  6 tengu conjurers
  6 freezing wraiths
  A red devil (Orc:2)
  2 golden dragon simulacra (Depths:2)
  A queen bee (Lair:1)
  A meliai (D:12)
  14 tyrant leeches
  A spriggan skeleton (D:15)
  13 trolls
  9 hornets
  A tarantella (Vaults:4)
  Prince Ribbit (Bailey)
  7 dream sheep (Lair:4)
  A fire giant simulacrum (Depths:2)
  8 blink frogs (Lair:2)
  2 shadows
  Sigmund (D:2)
  6 spriggans
  A centaur simulacrum (D:15)
  A culicivora (Vaults:4)
  44 slime creatures
  3 water elementals
  2 vampires
  A ynoxinul (Gauntlet)
  3 small abominations (Depths:2)
  2 basilisks
  3 fire bats
  A hog (shapeshifter) (D:15)
  2 wraiths
  49 yaks
  2 hogs (Lair:4)
  6 humans (Bailey)
  A golden eye (Gauntlet)
  4 redbacks
  11 vampire mosquitoes
  7 chaos spawn (Depths:2)
  2 steam dragons
  A neqoxec (Orc:2)
  A death yak simulacrum (Lair:5)
  A glowing shapeshifter zombie (D:15)
  Menkaure (D:5)
  An elf simulacrum (Vaults:4)
  3 wargs
  2 spectral cane toads (Lair:5)
  3 acid dragons
  38 nagas
  18 swamp worms
  Edmund (D:4)
  A naga (shapeshifter) (D:15)
  16 water moccasins
  Duvessa (D:7)
  11 swamp drakes
  30 orc warriors
  3 black bears
  9 ogres
  An ogre (shapeshifter) (Vaults:2)
  5 wolves (Lair:5)
  An elephant skeleton (Lair:5)
  2 boggarts (Gauntlet)
  4 centaurs (D:14)
  2 phantoms
  22 bullfrogs
  20 kobold brigands
  A scorpion (D:5)
  2 cane toad simulacra (Lair:5)
  17 wights
  Dowan (D:7)
  4 elephant simulacra (Lair:5)
  30 killer bees
  4 howler monkeys
  3 electric eels (D:12)
  6 hounds
  3 jellies
  Crazy Yiuf (D:2)
  16 orc priests
  Ijyb (D:5)
  4 iron imps (Gauntlet)
  Jessica (D:2)
  4 gnoll boudas
  A sleepcap (D:8)
  3 iguanas (D:5)
  12 orc wizards
  15 adders
  22 gnolls
  7 river rats (Sewer)
  A shadow imp (D:7)
  A white imp (D:7)
  6 ufetubi
  A worm (D:2)
  5 dart slugs
  64 orcs
  7 endoplasms
  7 giant cockroaches
  10 hobgoblins
  4 jackals
  6 quokkas
  13 ball pythons
  8 bats
  3 frilled lizards
  14 goblins
  36 kobolds
  23 rats
1772 creatures vanquished.

Vanquished Creatures (others)
  A goliath frog (Swamp:2)
  A bog body (Swamp:2)
  A will-o-the-wisp (Swamp:4)
  4 bloated husks (Swamp:2)
  A slime creature (Lair:4)
  A human (Lair:4)
  A basilisk (D:12)
  A naga (Snake:4)
  A swamp drake (Swamp:2)
  An adder (D:6)
  36 demonic plants (Gauntlet)
  545 foxfires
  29 fungi
  32 plants
  22 withered plants
677 creatures vanquished.

Grand Total: 2449 creatures vanquished

Notes
Turn   | Place    | Note
-------+----------+-------------------------------------------
     0 | D:1      | sanka the Merfolk Fire Elementalist began the quest for the
                  | Orb.
     0 | D:1      | Reached XP level 1. HP: 13/13 MP: 3/3
   412 | D:1      | Reached skill level 1 in Fighting
   426 | D:1      | Reached XP level 2. HP: 21/21 MP: 0/5
   838 | D:1      | Reached XP level 3. HP: 27/27 MP: 6/6
  1805 | D:2      | Noticed Sigmund
  2000 | D:2      | Noticed Jessica
  2008 | D:2      | Killed Jessica
  2009 | D:2      | Reached XP level 4. HP: 31/34 MP: 0/7
  2377 | D:2      | Found a runed translucent door.
  2378 | D:2      | Noticed Crazy Yiuf
  2526 | D:2      | Killed Sigmund
  2527 | D:2      | Reached XP level 5. HP: 14/42 MP: 1/8
  2527 | D:2      | Reached XP level 6. HP: 16/48 MP: 1/9
  5079 | D:4      | Found a glowing drain.
  5139 | Sewer    | Entered a sewer
  5236 | Sewer    | Reached skill level 5 in Fighting
  5340 | Sewer    | Reached XP level 7. HP: 56/56 MP: 3/10
  7302 | D:4      | Noticed Edmund
  7335 | D:4      | Killed Edmund
  7336 | D:4      | Reached XP level 8. HP: 16/65 MP: 2/11
  7650 | D:5      | Entered Level 5 of the Dungeon
  7650 | D:5      | Found Pava's Antique Weapon Emporium.
  7650 | D:5      | Found Ably's Weapon Emporium.
  7650 | D:5      | Found Enocvama's Distillery.
  7823 | D:5      | Identified the ring "Caylunn" {rN+ Will+}
  7966 | D:5      | Noticed Menkaure
  7975 | D:5      | Killed Menkaure
  8042 | D:5      | Noticed Ijyb
  8053 | D:5      | Killed Ijyb
  8054 | D:5      | Noticed a two-headed ogre
  8100 | D:5      | Killed a two-headed ogre
  8101 | D:5      | Reached XP level 9. HP: 74/75 MP: 8/12
  8395 | D:5      | Found a staircase to the Ecumenical Temple.
  8438 | Temple   | Entered the Ecumenical Temple
  8836 | Temple   | Became a worshipper of Ru the Awakened
  9115 | D:5      | Reached skill level 5 in Long Blades
  9174 | D:5      | Found a runed translucent gate.
  9174 | D:5      | Found a runed translucent gate.
  9174 | D:5      | Found a runed translucent gate.
  9178 | D:5      | Noticed darkwiz's ghost (novice DsCK)
  9669 | D:5      | Killed darkwiz's ghost
  9737 | D:6      | Found Baomode's Distillery.
  9830 | D:6      | Found Geabyo Hamm's Weapon Emporium.
  9834 | D:6      | Reached skill level 10 in Long Blades
 10203 | D:6      | Found Efrem Ria's Weapon Emporium.
 10464 | Temple   | Fell from the grace of Ru
 10464 | Temple   | Became a worshipper of Gozag Ym Sagoz the Greedy
 10653 | D:6      | Found Icue's Armour Emporium.
 10707 | D:6      | Reached XP level 10. HP: 79/83 MP: 13/13
 10774 | D:6      | Identified a scroll of acquirement
 10775 | D:6      | Acquired the +12 great sword "Nilacump" {flame, Int+4}
 10842 | D:6      | Bought a potion of haste for 120 gold pieces
 10842 | D:6      | Bought a potion of heal wounds for 60 gold pieces
 10842 | D:6      | Bought a potion of curing for 36 gold pieces
 11050 | D:2      | Killed Crazy Yiuf
 11186 | D:6      | Bought a potion of heal wounds for 60 gold pieces
 11203 | D:7      | Found Bewyrup's Jewellery Emporium.
 11288 | D:7      | Noticed Dowan
 11291 | D:7      | Noticed Duvessa
 11303 | D:7      | Killed Duvessa
 11310 | D:7      | Killed Dowan
 11678 | D:6      | Bought 2 potions of berserk rage for 120 gold pieces
 11765 | D:7      | Noticed Pikel
 11772 | D:7      | Killed Pikel
 12158 | D:6      | Bought a potion of flight for 36 gold pieces
 12158 | D:6      | Bought a potion of lignification for 36 gold pieces
 12364 | D:8      | Reached skill level 15 in Long Blades
 13250 | D:9      | Noticed Psyche
 13258 | D:9      | Killed Psyche
 13562 | D:10     | Entered Level 10 of the Dungeon
 13581 | D:10     | Found a hide-covered altar of Uskayaw.
 13610 | D:10     | Noticed Harold
 13618 | D:10     | Killed Harold
 13619 | D:10     | Reached XP level 11. HP: 89/89 MP: 14/14
 13828 | D:10     | Noticed Erolcha
 13832 | D:10     | Noticed Nergalle
 13834 | D:10     | Killed Erolcha
 13840 | D:10     | Killed Nergalle
 13914 | D:10     | Found a flagged portal.
 13926 | Bailey   | Entered a bailey
 14038 | Bailey   | Noticed a vault guard
 14050 | Bailey   | Noticed Prince Ribbit
 14063 | Bailey   | Killed a vault guard
 14067 | Bailey   | Killed Prince Ribbit
 14160 | Bailey   | Noticed a vault guard
 14185 | Bailey   | Killed a vault guard
 14316 | D:10     | Found a staircase to the Lair.
 14332 | D:10     | Reached XP level 12. HP: 91/95 MP: 13/15
 14466 | D:10     | Noticed a five-headed hydra
 14470 | D:10     | Killed a three-headed hydra
 14624 | D:5      | Bought a glowing triple sword for 416 gold pieces
 14899 | D:10     | Noticed a two-headed ogre
 14923 | D:10     | Killed a two-headed ogre
 15275 | D:11     | Found a transporter.
 15574 | D:11     | Found a staircase to the Orcish Mines.
 15621 | D:11     | Found a portal to a secret trove of treasure.
 15634 | D:11     | Noticed a two-headed ogre
 15640 | D:11     | Killed a two-headed ogre
 15641 | D:11     | Reached skill level 10 in Fighting
 15791 | D:11     | Noticed a two-headed ogre
 15797 | D:11     | Killed a two-headed ogre
 15997 | D:11     | Identified the +0 leather armour "Litti" {rPois Int+3 SInv}
 16036 | D:11     | Noticed a boulder beetle
 16071 | D:11     | Killed a boulder beetle
 16442 | Lair:1   | Entered Level 1 of the Lair of Beasts
 16448 | Lair:1   | Noticed a boulder beetle
 16466 | Lair:1   | Killed a boulder beetle
 16966 | Lair:1   | Reached skill level 15 in Dodging
 17510 | Lair:1   | Reached XP level 13. HP: 104/104 MP: 16/16
 17941 | D:6      | Bought 2 potions of curing for 72 gold pieces
 17941 | D:6      | Bought a potion of mutation for 96 gold pieces
 17960 | D:7      | Bought a ring of protection from fire for 350 gold pieces
 17960 | D:7      | Bought an amulet of regeneration for 420 gold pieces
 18133 | Lair:2   | Found a staircase to the Snake Pit.
 18303 | Lair:2   | Identified the +3 mace "Hoepp" {heavy, Will++ MP-9 Str+3}
 18865 | Lair:2   | Found a staircase to the Swamp.
 19905 | Lair:3   | Noticed Amaemon
 19940 | Lair:3   | Killed Amaemon
 19968 | Lair:3   | Found a blossoming altar of Fedhas.
 20343 | Lair:3   | Got the Folio of the Blazing Singularity
 21012 | Lair:4   | Found a gate leading to a gauntlet.
 21035 | Gauntlet | Entered a Gauntlet
 21035 | Gauntlet | Noticed a quicksilver ooze
 21035 | Gauntlet | Found a transporter.
 21035 | Gauntlet | Found a transporter.
 21036 | Gauntlet | Found a transporter.
 21036 | Gauntlet | Found a transporter.
 21039 | Gauntlet | Found a transporter.
 21052 | Gauntlet | Found a transporter.
 21058 | Gauntlet | Found a transporter.
 21073 | Gauntlet | Found a transporter.
 21095 | Gauntlet | Found a transporter.
 21121 | Gauntlet | Found a transporter.
 21139 | Gauntlet | Found a transporter.
 21194 | Gauntlet | Found a transporter.
 21373 | Gauntlet | Identified the ring "Ashugh" {Ice rN+ Will+ Str+3 Int-5}
 21779 | Gauntlet | Noticed a minotaur
 21786 | Gauntlet | Killed a minotaur
 21880 | Lair:4   | Acquired the +4 pair of boots of Valiance {+Blink rC++
                  | Int+2 Dex-3}
 22078 | Lair:4   | Noticed Kirke
 22087 | Lair:4   | Reached XP level 14. HP: 115/116 MP: 15/17
 22092 | Lair:4   | Killed Kirke
 22095 | Lair:4   | Found a staircase to the Slime Pits.
 22095 | Lair:4   | Found a viscous altar of Jiyva.
 23072 | Lair:5   | Entered Level 5 of the Lair of Beasts
 23453 | Lair:5   | Noticed a dire elephant
 24636 | Lair:5   | Killed a dire elephant
 24739 | Lair:5   | Got the Parchment of the Numb Discharge
 25157 | Orc:1    | Entered Level 1 of the Orcish Mines
 25260 | Orc:1    | Reached XP level 15. HP: 126/126 MP: 18/18
 25736 | Orc:2    | Entered Level 2 of the Orcish Mines
 25857 | Orc:2    | Found a staircase to the Elven Halls.
 25996 | Orc:2    | Found Tyorux Yni's Jewellery Emporium.
 26023 | Orc:2    | Gained mutation: Potions are less effective at restoring
                  | your health. [a neqoxec]
 26057 | Orc:2    | Found Taneicam's Distillery.
 26058 | Orc:2    | Found Unackoas's Distillery.
 26704 | Orc:2    | Found Iriulli's Antique Armour Boutique.
 26704 | Orc:2    | Found Muqaekhi's Book Shop.
 26704 | Orc:2    | Found a one-way gate leading to the halls of Pandemonium.
 27053 | Orc:2    | Bought a potion of haste for 180 gold pieces
 27053 | Orc:2    | Bought 2 potions of haste for 360 gold pieces
 27053 | Orc:2    | Bought a potion of curing for 54 gold pieces
 27076 | Orc:2    | Bought a +6 ring of dexterity for 648 gold pieces
 27498 | D:12     | Reached skill level 15 in Fighting
 27745 | D:12     | Found a runed translucent door.
 27745 | D:12     | Noticed a tengu reaver
 27750 | D:12     | Noticed a frost giant
 27921 | D:12     | Found a runed translucent door.
 27922 | D:12     | Found a runed translucent door.
 27923 | D:12     | Found a runed translucent door.
 28436 | D:12     | Identified the amulet of Qeqesih {Rampage rElec Regen+
                  | Int-2 Stlth+}
 28441 | D:12     | Identified the ring of Ceiguet {Fly rF+ Stlth+}
 28444 | D:12     | Identified the amulet of Foeko Bipp {Spirit rF+}
 28444 | D:12     | Identified the ring of Hidog {rN+ Str+3 SInv}
 28464 | D:12     | Reached XP level 16. HP: 125/137 MP: 19/19
 28686 | D:12     | Killed a tengu reaver
 28797 | D:13     | Identified the +6 rapier "Kijois" {freeze, rF++ rC+ Stlth-}
 29004 | D:13     | Found Sonnuott's Weapon Boutique.
 29337 | D:14     | Found a gate to the Vaults.
 29548 | D:14     | Identified the +5 quarterstaff "Enaibac" {flame, rF+ Dex+5}
 29678 | D:14     | Found Quxtoffa's Antique Weapon Emporium.
 29935 | D:15     | Entered Level 15 of the Dungeon
 29935 | D:15     | Noticed Roxanne
 29942 | D:15     | Killed Roxanne
 30145 | D:15     | Found a staircase to the Depths.
 30992 | Swamp:1  | Entered Level 1 of the Swamp
 31972 | Swamp:2  | Reached XP level 17. HP: 149/149 MP: 20/20
 33815 | Swamp:4  | Entered Level 4 of the Swamp
 34595 | Swamp:4  | Got a decaying rune of Zot
 34953 | Snake:1  | Entered Level 1 of the Snake Pit
 34955 | Snake:1  | Found a transporter.
 35002 | Lair:2   | Reached XP level 18. HP: 136/161 MP: 17/21
 35098 | Snake:1  | Found a transporter.
 35242 | Snake:1  | Noticed Aizul
 35246 | Snake:1  | Found a transporter.
 35249 | Snake:1  | Killed Aizul
 35473 | Snake:1  | Found a transporter.
 35477 | Snake:1  | Found a transporter.
 35534 | Snake:1  | Found a transporter.
 36843 | Snake:2  | Identified the +6 hand axe "Jeheacaq" {drain, Contam rF+++
                  | Int+4}
 37453 | Snake:3  | Reached skill level 27 in Dodging
 37467 | Snake:3  | Learned a level 3 spell: Ozocubu's Armour
 37578 | Snake:3  | Reached skill level 1 in Ice Magic
 38486 | Snake:4  | Entered Level 4 of the Snake Pit
 38495 | Snake:4  | Reached skill level 5 in Ice Magic
 39287 | Snake:4  | Reached XP level 19. HP: 169/169 MP: 22/22
 39850 | Snake:4  | Reached skill level 10 in Ice Magic
 41045 | Snake:4  | Got a serpentine rune of Zot
 41403 | Vaults:1 | Entered Level 1 of the Vaults
 42255 | Vaults:1 | Reached XP level 20. HP: 184/184 MP: 23/23
 42295 | Vaults:1 | Found Godwej's Assorted Antiques.
 42303 | Vaults:1 | Bought a scroll of fog for 148 gold pieces
 42878 | Vaults:1 | Identified the +9 battleaxe "Qizecwil" {elec, rCorr Str+5
                  | Dex-5}
 43504 | Vaults:2 | Identified the +7 shortbow of Neurosis {antimagic, Dex+4}
 44787 | Vaults:3 | Found a staircase to the Crypt.
 44828 | Vaults:3 | You fall into a shaft and drop 1 floor!
 45205 | Vaults:4 | Reached XP level 21. HP: 188/199 MP: 24/24
 45518 | Vaults:4 | Found Gozag's Assorted Antiques.
 45523 | Vaults:4 | Found an opulent altar of Gozag.
 45526 | Vaults:4 | Found Gozag's Antique Armour Emporium.
 45528 | Vaults:4 | Found Gozag's Antique Weapon Shoppe.
 46636 | Vaults:4 | Found Iwuf's Distillery.
 46660 | Vaults:4 | Bought a potion of heal wounds for 70 gold pieces
 46660 | Vaults:4 | Bought a potion of heal wounds for 70 gold pieces
 46660 | Vaults:4 | Bought a potion of heal wounds for 70 gold pieces
 46660 | Vaults:4 | Bought a potion of haste for 140 gold pieces
 46803 | Vaults:4 | Lost mutation: Potions are less effective at restoring your
                  | health. [potion of mutation]
 46803 | Vaults:4 | Gained mutation: You are agile. (Dex +4, Str/Int -1)
                  | [potion of mutation]
 46803 | Vaults:4 | Gained mutation: You are vulnerable to heat. (rF-) [potion
                  | of mutation]
 46804 | Vaults:4 | Lost mutation: You are agile. (Dex +4, Str/Int -1) [potion
                  | of mutation]
 46804 | Vaults:4 | Lost mutation: You are vulnerable to heat. (rF-) [potion of
                  | mutation]
 46804 | Vaults:4 | Gained mutation: You sometimes lose your temper in combat.
                  | [potion of mutation]
 46804 | Vaults:4 | Gained mutation: Your spells are a little harder to cast,
                  | but a little more powerful. [potion of mutation]
 46805 | Vaults:4 | Lost mutation: Your spells are a little harder to cast, but
                  | a little more powerful. [potion of mutation]
 46805 | Vaults:4 | Lost mutation: You sometimes lose your temper in combat.
                  | [potion of mutation]
 46805 | Vaults:4 | Gained mutation: You have hidden genetic defects. [potion
                  | of mutation]
 46805 | Vaults:4 | Gained mutation: You are partially covered in iridescent
                  | scales. (AC +2) [potion of mutation]
 46806 | Vaults:4 | Lost mutation: You have hidden genetic defects. [potion of
                  | mutation]
 46806 | Vaults:4 | Lost mutation: You are partially covered in iridescent
                  | scales. (AC +2) [potion of mutation]
 46806 | Vaults:4 | Gained mutation: Your spells are a little easier to cast,
                  | but a little less powerful. [potion of mutation]
 46806 | Vaults:4 | Gained mutation: You sometimes lose your temper in combat.
                  | [potion of mutation]
 46806 | Vaults:4 | Gained mutation: You expend magic power (3 MP) to
                  | strengthen your wands. [potion of mutation]
 46807 | Vaults:4 | Lost mutation: You expend magic power (3 MP) to strengthen
                  | your wands. [potion of mutation]
 46807 | Vaults:4 | Lost mutation: Your spells are a little easier to cast, but
                  | a little less powerful. [potion of mutation]
 46807 | Vaults:4 | Gained mutation: Your flesh is cold resistant. (rC+)
                  | [potion of mutation]
 46929 | Vaults:4 | Bought a potion of mutation for 112 gold pieces
 46929 | Vaults:4 | Lost mutation: Your flesh is cold resistant. (rC+) [potion
                  | of mutation]
 46929 | Vaults:4 | Lost mutation: You sometimes lose your temper in combat.
                  | [potion of mutation]
 46929 | Vaults:4 | Gained mutation: You are partially covered in iridescent
                  | scales. (AC +2) [potion of mutation]
 46929 | Vaults:4 | Lost mutation: You are partially covered in iridescent
                  | scales. (AC +2) [potion of mutation]
 46944 | Vaults:3 | Noticed Bai Suzhen
 46948 | Vaults:3 | Killed Bai Suzhen
 47388 | Vaults:3 | Found Xoirraq's Armour Emporium.
 47396 | Vaults:3 | Reached skill level 27 in Fighting
 47406 | Vaults:3 | Reached skill level 1 in Evocations
 47576 | Vaults:3 | Reached skill level 5 in Evocations
 48619 | Depths:1 | Entered Level 1 of the Depths
 48888 | Depths:1 | Reached XP level 22. HP: 212/212 MP: 25/25
 48907 | Depths:1 | Found a gateway to Hell.
 49579 | Depths:1 | Found a shimmering blue altar of Sif Muna.
 49682 | Depths:1 | Reached skill level 10 in Evocations
 50269 | Depths:2 | Reached skill level 5 in Spellcasting
 50317 | Depths:2 | Identified the ring of Vekafuith {Ice rElec Will+ SInv
                  | Stlth-}
 50317 | Depths:2 | Noticed Josephina
 50326 | Depths:2 | Killed Josephina
 50392 | Depths:2 | Noticed Saint Roka
 50422 | Depths:2 | Killed Saint Roka
 50682 | Depths:2 | Found Quiles's General Store.
 50781 | Depths:2 | Got the Compendium of Mortuary Transfiguration
 51353 | Depths:2 | Found a one-way gate to the infinite horrors of the Abyss.
 51395 | Depths:2 | Found a one-way gateway to a ziggurat.
 51530 | Depths:3 | Noticed a golden dragon
 51555 | Depths:3 | Killed a golden dragon
 51815 | Depths:3 | Noticed a golden dragon
 51828 | Depths:3 | Killed a golden dragon
 51829 | Depths:3 | Reached skill level 10 in Spellcasting
 52280 | Depths:3 | Noticed Xtahua
 52285 | Depths:3 | Noticed a golden dragon
 52287 | Depths:3 | Killed Xtahua
 52288 | Depths:3 | Reached XP level 23. HP: 210/219 MP: 34/37
 52299 | Depths:3 | Killed a golden dragon
 52479 | Depths:3 | Noticed a juggernaut
 52494 | Depths:3 | Killed a juggernaut
 52832 | Depths:4 | Entered Level 4 of the Depths
 52952 | Depths:4 | Found Veskolyt's Armour Emporium.
 52968 | Depths:4 | Noticed a golden dragon
 52980 | Depths:4 | Killed a golden dragon
 53321 | Depths:4 | Found a large runed translucent door.
 53321 | Depths:4 | Found a large runed translucent door.
 53455 | Depths:4 | Noticed a golden dragon
 53660 | Depths:4 | Noticed a golden dragon
 53789 | Depths:4 | Killed a golden dragon
 54149 | Depths:4 | Killed a golden dragon
 54266 | Depths:4 | Found a runed translucent door.
 54306 | Depths:4 | Found a runed translucent door.
 54320 | Depths:4 | Found a runed translucent door.
 54404 | Depths:4 | Found a runed translucent door.
 54420 | Depths:4 | Found a runed translucent door.
 54427 | Depths:4 | Found a runed translucent door.
 54482 | Depths:4 | Found a gate to the Realm of Zot.
 54695 | Depths:4 | Noticed Amikeex's ghost (adept TrMo)
 54711 | Depths:4 | Killed Amikeex's ghost
 55447 | Orc:2    | Bought an embroidered robe for 125 gold pieces
 55857 | Vaults:5 | Entered Level 5 of the Vaults
 56032 | Vaults:5 | Reached skill level 15 in Spellcasting
 56160 | Vaults:5 | Noticed a dread lich
 56170 | Vaults:5 | Killed a dread lich
 56342 | Vaults:5 | Identified the amulet "Uhisomn" {rElec rF++ rN++ Regen+}
 56344 | Vaults:5 | Identified the +3 demon trident of Exhibitionism {venom,
                  | *Rage Fly rF+ Str+2}
 56344 | Vaults:5 | Noticed Boris
 56350 | Vaults:5 | Killed Boris
 56457 | Vaults:5 | Reached XP level 24. HP: 184/227 MP: 41/42
 56535 | Vaults:5 | Identified the amulet "Doykk" {rPois Regen+ Str-2 Dex+5}
 56663 | Vaults:5 | Paralysed by an orc knight for 4 turns
 57400 | Vaults:5 | Identified the +1 troll leather armour of Enipekk {Fly
                  | Regen+ Str+3 Int-3 Dex+2}
 57619 | Vaults:5 | Noticed an ancient lich
 57778 | Vaults:4 | Killed from afar by an ancient lich

Illustrated notes

Levels and vault maps discovered:
D:1:      mrwooster_arrival_arrow, layout_basic, minmay_pentomino_v2
D:2:      layout_loops_ring, kennysheep_jessica_study, uniq_crazy_yiuf_cottage,
          uniq_sigmund
D:3:      minmay_chambers_of_threes, layout_basic, grunt_decor_cap
D:4:      layout_rooms, cheibrodos_sewer_entry_drain, sigmund_army, uniq_edmund
D:5:      layout_basic, minmay_temple_entry_enclosed_plants,
          ebering_ghost_rock_garden, nicolae_shop_distant_corner_stores,
          minmay_manual_moon, uniq_menkaure, uniq_ijyb
D:6:      layout_rooms, serial_shops, shop, shop,
          nicolae_shop_tiny_statue_garden, nicolae_inconvenience_store,
          minivault_19
D:7:      layout_gridville, serial_shops, shop, uniq_duvessa, uniq_pikel
D:8:      layout_loops_cross, serial_rivers, chequers_serial_rivers_micro_a,
          chequers_serial_rivers_large_b, chequers_serial_rivers_micro_a,
          chequers_serial_rivers_small_3, chequers_serial_rivers_micro_d,
          minmay_misc_feat_doors, kennysheep_nub
D:9:      layout_long_grid, uniq_psyche
D:10:     layout_irregular_city, old_standard_altar, david_lair_generic,
          enter_bailey_3, serial_column_ruins, column_ruins_hut,
          column_ruins_hut_ruined, column_ruins_columns_straight,
          column_ruins_corridor_T, column_ruins_corridor_corner,
          column_ruins_open_medium, column_ruins_columns_dead_end, uniq_harold,
          uniq_nergalle, uniq_erolcha
D:11:     layout_roguey [special_room_kobold], orc_0_dummy,
          nicolae_trove_entry_diagonal, nicolae_diode_basic
D:12:     minmay_the_grid_triangle_9x9_recursive_3
          [minmay_the_grid_triangle_9x9_sparse_checkered,
          minmay_the_grid_triangle_9x9_sprig,
          minmay_the_grid_triangle_9x9_negative_grid,
          minmay_the_grid_triangle_9x9_prize_special,
          minmay_the_grid_triangle_9x9_stretched_checkered,
          minmay_the_grid_triangle_9x9_fully_insulated_deathbox,
          minmay_the_grid_triangle_9x9_corrupted_corridor,
          minmay_the_grid_triangle_9x9_from_above,
          minmay_the_grid_triangle_9x9_shrine], layout_basic, fungi_pond_lemuel,
          kennysheep_treasure_room
D:13:     layout_roguey, serial_shops, nicolae_shop_bloodbath_and_beyond
D:14:     layout_rooms, erik_vaults_1, serial_shops, nicolae_shop_tiny_glass,
          amcnicky_mini_rare_corridor_liquid
D:15:     gammafunk_depths_entry_grave, layout_long_grid,
          corexii_leaking_fountain, minivault_20, uniq_roxanne
Temple:   mainiacjoe_temple_trianglar_array
Lair:1:   layout_long_grid, special_room [special_room_bee], grunt_megastairs_5,
          serial_bayou_shore_a, serial_bayou_shore_b
Lair:2:   layout_loops_ring, skrybe_swamp_entry_bodies, dummy_snake_entry,
          minivault_26, beast_lair_carwin_2
Lair:3:   layout_cave_pods, minivault_26, hangedman_tree_tricks,
          infiniplex_staircase_pool, uniq_amaemon
Lair:4:   layout_cave_pods, minmay_slime_entry_pillars, gauntlet_entry_generic,
          dreamdust_gnoll_shepherd, infiniplex_staircase_pool_2, uniq_kirke
Lair:5:   due_jungle_book, layout_layer_cave, grunt_megastairs_3
Swamp:1:  layout_basic_swamp, hangedman_swamp_blocks, swamp_pool3,
          hangedman_swamp_wriggling
Swamp:2:  nicolae_swamp_flooded_prison, layout_falls_marsh,
          evilmike_swamp_ruin_rubble_1
Swamp:3:  layout_basic_swamp, nicolae_swamp_feature_on_the_river_bank,
          swamp_pool4
Swamp:4:  swamp_basic_johnstein, layout_basic_swamp
Snake:1:  layout_cave_shapes, serial_nicolae_subway, nicolae_sub_station_stone,
          nicolae_sub_station_crystal, nicolae_sub_station_metal, uniq_aizul
Snake:2:  layout_basic, serial_bayou_shore_b, grunt_megastairs_2
Snake:3:  layout_onion, drop_trap
Snake:4:  snake_hunt, layout_cave_town, st_stairs_10, grunt_ministairs_13,
          nicolae_snake_guarding_the_ruins
Orc:1:    layout_caves, nicolae_orc_lava_room
Orc:2:    pf_orc_diabolical, layout_caves, serial_shops,
          nicolae_shop_behind_doors, nicolae_orc_flooded_monolith
Vaults:1: grunt_vaults_twisty, vaults_room_grid, ontoclasm_vaults_gateway,
          ontoclasm_vaults_hangar, nicolae_vaults_mush_room,
          vaults_dpeg_emergency_exit, ontoclasm_vaults_ring_square,
          vaults_dpeg_doors, nicolae_vaults_circle_grid_a, v_misc_12,
          nicolae_vaults_trapezoid_3, vaults_mumra_hex, layout_vaults_big_cross,
          serial_shops, shop
Vaults:2: vaults_room_door_hall, v_rooms_4, v_alt_pattern_5,
          nicolae_vaults_tangent_ellipses, v_misc_2, v_misc_30,
          nicolae_vaults_yaktaur_gun_rack, nicolae_vaults_diagonal_hallway_8,
          ontoclasm_vaults_shuriken, nicolae_vaults_little_squares_3,
          nicolae_vaults_tetromino_Z_2, grunt_vaults_hallway_short,
          layout_vaults_maze_bifur
Vaults:3: nicolae_vaults_house_2, nicolae_vaults_closet_pinwheel_4,
          vaults_dpeg_ring, nicolae_vaults_specimen_jars,
          nicolae_vaults_closet_pinwheel_5, nicolae_vaults_surprise_closet,
          dpeg_vaults_monster_box, nicolae_vaults_windows_and_doors_thing,
          layout_vaults_big_room, dummy_crypt_entry, uniq_bai_suzhen
Vaults:4: hangedman_vaults_slither, nicolae_vaults_cochlea,
          kennysheep_vaults_gozag_temple, grunt_vaults_swirl,
          nicolae_vaults_doubleplus_tesselated, hangedman_vaults_locks,
          vaults_mumra_minichess_inversion, nicolae_vaults_angled_halls,
          nicolae_vaults_layer_cake_slice, nicolae_vaults_house_2, v_misc_27,
          v_alt_pattern_1, nicolae_vaults_house_2, nicolae_vaults_tetromino_Z_1,
          nicolae_vaults_double_plus_1, layout_vaults_omnibox, serial_shops,
          nicolae_shop_hallway_plus
Vaults:5: serial_shops, uniq_boris, uniq_margery
Depths:1: layout_basic, hell_entry, roderic_lattice_a,
          nicolae_sif_muna_condensation, serial_bayou_shore_b
Depths:2: evilmike_cross, layout_cave_pools, enter_ziggurat_a, serial_shops,
          shop, minmay_room_of_horrors, rand_demon_pan_entry_8, hell_entry,
          uniq_josephina, uniq_saint_roka
Depths:3: minmay_inside_and_out, layout_cave_pools,
          abyss_entry_small_statue_room, grunt_decor_fettered, hell_entry,
          uniq_xtahua
Depths:4: evilmike_zot_entry_castle, layout_basic, pan_entry, serial_shops,
          nicolae_shop_rolling_square, ebering_ghost_disaster_area, abyss_entry,
          grunt_metal_band

Skill      XL: |  1  2  3  4  5  6  7  8  9 10 11 12 13 14 15 16 17 18 19 20 21 22 23 24 |
---------------+-------------------------------------------------------------------------+-----
Dodging        | 3 4 6 7 8 11 15 18 19 21 23 25 27 | 27.0
Fighting       | 1 2 4 5 6 8 9 10 12 14 15 17 19 20 22 25 27 | 27.0
Long Blades    | 12 16 19 20 21 22 | 22.0
Ice Magic      | 8 10 12 | 12.8
Evocations     | 8 10 | 10.0
Spellcasting   | 10 15 16 | 16.0
Stealth        | |  2.1
Conjurations   | |  0.7
Fire Magic     | |  2.1

Action                     |  1- 3 |  4- 6 |  7- 9 | 10-12 | 13-15 | 16-18 | 19-21 | 22-24 || total
---------------------------+-------+-------+-------+-------+-------+-------+-------+-------++-------
  Melee: Quarterstaff      |    21 |    33 |       |       |       |       |       |       ||    54
         Unarmed           |     3 |       |       |       |       |       |       |       ||     3
         Short sword       |       |    40 |    30 |       |       |       |       |       ||    70
         Dagger            |       |       |     9 |       |       |       |       |       ||     9
         Punch             |       |       |     4 |       |       |       |       |       ||     4
         Tailslap          |       |       |     1 |     8 |    13 |    46 |       |    30 ||    98
         Flail             |       |       |   117 |       |       |       |       |       ||   117
         Scimitar          |       |       |    61 |     4 |       |       |       |       ||    65
         Great sword       |       |       |       |   439 |   896 |   965 |  1180 |  1052 ||  4532
         Triple sword      |       |       |       |       |    65 |    97 |       |       ||   162
  Throw: Dart              |       |       |     4 |       |       |       |       |       ||     4
   Cast: Foxfire           |    74 |    92 |   125 |    16 |     3 |       |       |       ||   310
         Ozocubu's Armour  |       |       |       |       |       |     1 |     5 |       ||     6
 Invoke: Potion Petition   |       |       |       |       |       |       |     5 |     2 ||     7
  Evoke: Wand              |       |       |    11 |     4 |       |       |       |       ||    15
    Use: Scroll            |       |     1 |       |    23 |    14 |       |     1 |     5 ||    44
         Potion            |       |       |       |       |     2 |       |     7 |     2 ||    11
   Stab: Sleeping          |       |     1 |     3 |     5 |     7 |     8 |     8 |     4 ||    36
         Distracted        |       |       |     1 |     4 |     3 |    14 |    18 |    18 ||    58
         Confused          |       |       |       |       |       |     1 |       |       ||     1
         Invisible         |       |       |       |       |       |       |       |     2 ||     2
 Armour: Robe              |    15 |    14 |    70 |    70 |   177 |   115 |   128 |    93 ||   682
  Dodge: Dodged            |    50 |    73 |   270 |   351 |   802 |  1386 |  1414 |  1207 ||  5553
